 Dungeon Crawl Stone Soup version 0.18.1-48-g4cf74bf (webtiles) character file.

2653 Alarkh the Quickloader (level 9, -4/61 HPs)
             Began as a Mummy Hunter on Sept 8, 2016.
             Was a Follower of Okawaru.
             Slain by a troll (8 damage)
             ... on level 7 of the Dungeon.
             The game lasted 00:13:31 (7784 turns).

Alarkh the Quickloader (Mummy Hunter)               Turns: 7784, Time: 00:13:32

Health: -4/61      AC:  8    Str: 20    XL:     9   Next: 36%
Magic:  7/9        EV: 14    Int: 13    God:    Okawaru [*.....]
Gold:   296        SH:  0    Dex: 12    Spells: 0 memorised, 8 levels left

rFire  x . .     SeeInvis .     a - +1 hand crossbow
rCold  + . .     Gourm    .     c - +0 leather armour
rNeg   + + +     Faith    .     (no shield)
rPois  ∞         Spirit   .     (no helmet)
rElec  .         Dismiss  .     x - +1 cloak
rCorr  .         Reflect  .     (no gloves)
SustAt .         Harm     .     m - +1 pair of boots
MR     +....                    (no amulet)
Stlth  +++.......               (no ring)
                                k - +4 ring of strength

@: heroism, somewhat resistant to hostile enchantments, fairly stealthy
A: no food or potions, fire vulnerability, cold resistance 1, negative energy
resistance 3, torment resistance, unbreathing
a: Heroism, Renounce Religion


You were on level 7 of the Dungeon.
You worshipped Okawaru.
Okawaru was aware of your devotion.
You were not hungry.

You visited 2 branches of the dungeon, and saw 8 of its levels.
You also visited: Sewer.

You collected 296 gold pieces.

Inventory:

Hand Weapons
 a - a +1 hand crossbow (weapon)
 b - a +0 morningstar of protection
 n - a +0 short sword
 s - a +2 halberd of flaming
 t - a +0 flail of protection
Missiles
 d - 13 bolts (quivered)
Armour
 c - a +0 leather armour (worn)
 m - a +1 pair of boots (worn)
 x - a +1 cloak (worn)
Jewellery
 k - a +4 ring of strength (left hand)
Wands
 j - a wand of acid (8/15)
 p - a wand of random effects (20/48)
Scrolls
 e - a scroll of identify
 f - 3 scrolls of blinking
 g - 2 scrolls of enchant armour
 h - 5 scrolls of fear
 i - 2 scrolls of magic mapping {unknown}
 l - a scroll of random uselessness
 q - 2 scrolls of amnesia {unknown}
 u - 2 scrolls of remove curse {unknown}
 v - a scroll of noise {unknown}
 w - 2 scrolls of teleportation {unknown}
Books
 o - a book of Conjurations

   Spells                             Type                      Level
   a - Magic Dart                     Conjuration                  1
   b - Searing Ray                    Conjuration                  2
   c - Dazzling Spray                 Conjuration/Hexes            3
   d - Fulminant Prism                Conjuration/Hexes            4
   e - Iskenderun's Mystic Blast      Conjuration                  4
   f - Iskenderun's Battlesphere      Conjuration/Charms           5
 r - Cemnon's Tome of Lucky Transmigration
   (You found it on level 4 of the Dungeon)

   Spells                             Type                      Level
   a - Swiftness                      Charms/Air                   2
   b - Song of Slaying                Charms                       2
   c - Passwall                       Transmutation/Earth          2
   d - Spider Form                    Transmutation/Poison         3
   e - Irradiate                      Conjuration/Transmutation    5
   f - Yara's Violent Unravelling     Hexes/Transmutation          5
 y - a book of Dreams

   Spells                             Type                      Level
   a - Ensorcelled Hibernation        Hexes/Ice                    2
   b - Silence                        Hexes/Air                    5
   c - Darkness                       Hexes                        6
   d - Shadow Creatures               Summoning                    6


   Skills:
 - Level 2.0(7.0) Fighting
 + Level 11.1(16.1) Crossbows
 - Level 1.5(6.5) Dodging
 - Level 0.7(5.7) Stealth


You had 8 spell levels left.
You didn't know any spells.

Dungeon Overview and Level Annotations

Branches:
Dungeon (7/15)             Temple (1/1) D:4

Altars:
Ashenzari
Cheibriados
Dithmenos
Elyvilon
Gozag
Kikubaaqudgha
Makhleb
Nemelex Xobeh
Okawaru
Pakellas
Qazlal
Ru
Trog
Vehumet
Xom
Yredelemnul
Zin
The Shining One


Innate Abilities, Weirdness & Mutations

You do not eat or drink.
Your flesh is vulnerable to fire.
You are immune to poison.
Your flesh is cold resistant.
You are immune to negative energy.
You are immune to unholy pain and torment.
You can survive without breathing.


Message History

Press: ? - help, Shift-Dir - straight line, f - troll
Aim: a troll You shoot a bolt.
The bolt hits the troll!
The troll is moderately wounded.
The troll closely misses you. The troll claws you! The troll misses you.
Firing (i - inventory):
d - 15 bolts (quivered)
Press: ? - help, Shift-Dir - straight line, f/p - troll
Aim: a troll (moderately wounded)
You shoot a bolt. The bolt hits the troll.
The troll is moderately wounded.
The troll completely misses you. The troll claws you! x2
Firing (i - inventory):
d - 14 bolts (quivered)
Press: ? - help, Shift-Dir - straight line, f/p - troll
Aim: a troll (moderately wounded)
You shoot a bolt. The bolt hits the troll!
The troll is severely wounded.
The troll bites you!
* * * LOW HITPOINT WARNING * * *
The troll claws you!
You die...

#.# #.# #.# #.#
#.# #.# . #.#
...
#.#########...5.
#...@T..........
##########......
..... .... ###


You could see a troll.

Vanquished Creatures
  An ugly thing (D:6)
  Eustachio (D:4)
  2 ice beasts
  2 phantoms (D:4)
  A centaur (D:5)
  6 big kobolds (Sewer)
  3 giant frogs (D:6)
  3 scorpions (D:6)
  A killer bee (D:6)
  2 wights (D:6)
  A howler monkey (D:6)
  A crimson imp (D:5)
  A giant frog zombie (D:4)
  A hound (D:4)
  A jelly (D:5)
  2 orc priests
  Ijyb (D:3)
  3 orc wizards
  3 worker ants
  A killer bee zombie (D:5)
  A hound skeleton (D:4)
  A howler monkey zombie (D:6)
  8 gnolls
  8 adders
  2 oozes (Sewer)
  An adder zombie (D:6)
  9 worms
  3 dart slugs
  10 giant geckos
  13 orcs
  11 giant cockroaches
  7 goblins
  9 hobgoblins
  9 jackals
  2 quokkas
  5 ball pythons
  8 bats
  A giant gecko skeleton (D:6)
  A giant gecko zombie (D:5)
  3 giant newts
  16 kobolds
  A quokka skeleton (D:4)
  20 rats
186 creatures vanquished.

Notes
Turn   | Place    | Note
--------------------------------------------------------------
     0 | D:1      | Alarkh the Mummy Hunter began the quest for the Orb.
     0 | D:1      | Reached XP level 1. HP: 16/16 MP: 1/1
    93 | D:1      | Reached XP level 2. HP: 22/22 MP: 2/2
   483 | D:1      | Reached skill level 4 in Crossbows
   737 | D:1      | Reached XP level 3. HP: 27/27 MP: 3/3
   989 | D:2      | Found a glowing golden altar of the Shining One.
  1138 | D:2      | Reached XP level 4. HP: 33/33 MP: 4/4
  1281 | D:2      | Reached skill level 5 in Crossbows
  1649 | D:3      | Found a glowing silver altar of Zin.
  1807 | D:3      | Reached XP level 5. HP: 25/38 MP: 5/5
  1873 | D:3      | Noticed Ijyb
  1878 | D:3      | Killed Ijyb
  2090 | D:3      | Found a glowing drain.
  2103 | D:3      | Reached skill level 6 in Crossbows
  2117 | Sewer    | Entered a sewer
  2289 | Sewer    | Reached XP level 6. HP: 34/44 MP: 6/6
  2759 | Sewer    | Reached skill level 7 in Crossbows
  2777 | Sewer    | Reached XP level 7. HP: 20/50 MP: 7/7
  4077 | D:4      | Reached skill level 8 in Crossbows
  4160 | D:4      | Noticed Eustachio
  4165 | D:4      | Killed Eustachio
  4165 | D:4      | Reached XP level 8. HP: 44/56 MP: 8/8
  4190 | D:4      | Identified Cemnon's Tome of Lucky Transmigration
  4278 | D:4      | Found a staircase to the Ecumenical Temple.
  4365 | Temple   | Entered the Ecumenical Temple
  4573 | Temple   | Became a worshipper of Warmaster Okawaru
  4693 | D:4      | Found a stormy altar of Qazlal.
  4696 | D:4      | Found a sacrificial altar of Ru.
  4699 | D:4      | Found a shimmering altar of Xom.
  4702 | D:4      | Found a shadowy altar of Dithmenos.
  4778 | D:4      | Reached skill level 9 in Crossbows
  5138 | D:5      | Entered Level 5 of the Dungeon
  5788 | D:5      | Found an opulent altar of Gozag.
  6527 | D:6      | Reached skill level 10 in Crossbows
  6595 | D:6      | Reached * piety under Okawaru
  6698 | D:6      | Noticed a white ugly thing
  6714 | D:6      | Killed a white ugly thing
  6714 | D:6      | Reached XP level 9. HP: 11/61 MP: 7/9
  7155 | D:6      | Reached skill level 11 in Crossbows
  7772 | D:7      | Noticed a troll
  7784 | D:7      | Slain by a troll

Skill      XL: |  1  2  3  4  5  6  7  8  9 |
---------------+----------------------------+-----
Crossbows      | 4 5 6 7 8 10 11 | 11.1
Fighting       | |  2.0
Dodging        | |  1.5
Stealth        | |  0.7

Action                   |  1- 3 |  4- 6 |  7- 9 || total
-------------------------+-------+-------+-------++-------
Melee: Halberd           |       |   106 |   105 ||   211
       Morningstar       |       |       |   216 ||   216
       Flail             |       |       |    17 ||    17
 Fire: Hand crossbow     |    84 |    77 |    85 ||   246
Invok: Heroism           |       |       |     2 ||     2
  Use: Scroll            |     2 |     2 |     2 ||     6
 Stab: Sleeping          |       |       |     6 ||     6
Armor: Leather armour    |     5 |    50 |   177 ||   232
Dodge: Dodged            |     8 |    67 |   247 ||   322
